TOP OF THE 1ST |
Texarkana Bears batting - Pitching for District 9 Prawns : RHP Ignacio Morales
|
Pitching: RHP Ignacio Morales
|
|
Batting: RHB Steve Garneys
|
0-0: Ball 1-0: Ground out 6-3 (Groundball, 6)
|
Batting: RHB Tony Reyes
|
0-0: Called Strike 0-1: Ball 1-1: Called Strike 1-2: Strikes out swinging
|
Batting: LHB Sam Barnes
|
0-0: Swinging Strike 0-1: Ball 1-1: Hit by Pitch
|
Batting: RHB Billy Campbell
|
0-0: Foul Ball, location: 2F 0-1: Foul Ball, location: 2F 0-2: Ball 1-2: Foul Ball, location: 2F 1-2: Ball 2-2: Strikes out swinging
|
Top of the 1st over - 0 run(s), 0 hit(s), 0 error(s), 1 left on base; Texarkana 0 - District 9 0 |
BOTTOM OF THE 1ST |
District 9 Prawns batting - Pitching for Texarkana Bears : RHP Álex Rodríguez
|
Pitching: RHP Álex Rodríguez
|
|
Batting: RHB Boyd Pittman
|
0-0: Called Strike 0-1: Ball 1-1: Foul Ball, location: 2F 1-2: Fly out, F9 (Flyball, 9LS)
|
Batting: RHB José Colón
|
0-0: Ground out 5-3 (Groundball, 56S)
|
Batting: LHB Terry Simpson
|
0-0: Ball 1-0: Swinging Strike 1-1: Ball 2-1: Fly out, F8 (Flyball, 8RM)
|
Bottom of the 1st over - 0 run(s), 0 hit(s), 0 error(s), 0 left on base; Texarkana 0 - District 9 0 |
TOP OF THE 2ND |
Texarkana Bears batting - Pitching for District 9 Prawns : RHP Ignacio Morales
|
Batting: LHB Tom Mullins
|
0-0: Foul Ball, location: 2F 0-1: Ball 1-1: Ball 2-1: SINGLE (Line Drive, 89S)
|
Batting: RHB Taki Chikafuji
|
0-0: Ball 1-0: Foul Ball, location: 2F 1-1: Ball 2-1: Ball 3-1: Single, Error in OF, E9, batter to second base Tom Mullins to third
|
Batting: LHB Mark Thomas
|
0-0: Fly out, F9 (Flyball, 89M)
|
Batting: RHB Juan Rico
|
0-0: Foul Ball, location: 2F 0-1: Called Strike 0-2: Foul Ball, location: 2F 0-2: Foul Ball, location: 2F 0-2: Strikes out swinging
|
Batting: RHB Arturo Rodríguez
|
0-0: SINGLE (Flyball, 9LS) Tom Mullins scores Taki Chikafuji to third Runner from 3rd tries for Home, SAFE, no throw
|
Batting: RHB Steve Garneys
|
0-0: Ball 1-0: Called Strike 1-1: Foul Ball, location: 2F 1-2: Foul Ball, location: 2F 1-2: Foul Ball, location: 2F 1-2: Ball 2-2: Strikes out swinging
|
Top of the 2nd over - 2 run(s), 3 hit(s), 1 error(s), 1 left on base; Texarkana 2 - District 9 0 |
BOTTOM OF THE 2ND |
District 9 Prawns batting - Pitching for Texarkana Bears : RHP Álex Rodríguez
|
Batting: RHB Reynold Akker
|
0-0: Ball 1-0: Called Strike 1-1: Foul Ball, location: 2F 1-2: Ground out 6-3 (Groundball, 6)
|
Batting: RHB Felipe Jareño
|
0-0: Ball 1-0: Ground out 3-1 (Groundball, 34S)
|
Batting: LHB Miguel Barrón
|
0-0: DOUBLE (Line Drive, 78S)
|
Batting: RHB Carlos Flores
|
0-0: Ball 1-0: Foul Ball, location: 2F 1-1: Swinging Strike 1-2: Strikes out swinging
|
Bottom of the 2nd over - 0 run(s), 1 hit(s), 0 error(s), 1 left on base; Texarkana 2 - District 9 0 |
TOP OF THE 3RD |
Texarkana Bears batting - Pitching for District 9 Prawns : RHP Ignacio Morales
|
Batting: RHB Tony Reyes
|
0-0: Ground out 5-3 (Groundball, 5L)
|
Batting: LHB Sam Barnes
|
0-0: Ball 1-0: Called Strike 1-1: SOLO HOME RUN (Line Drive, 9LD), Distance : 376 ft
|
Batting: RHB Billy Campbell
|
0-0: Called Strike 0-1: Foul Ball, location: 2F 0-2: Strikes out looking
|
Batting: LHB Tom Mullins
|
0-0: Ball 1-0: Foul Ball, location: 2F 1-1: Called Strike 1-2: Strikes out swinging
|
Top of the 3rd over - 1 run(s), 1 hit(s), 0 error(s), 0 left on base; Texarkana 3 - District 9 0 |
BOTTOM OF THE 3RD |
District 9 Prawns batting - Pitching for Texarkana Bears : RHP Álex Rodríguez
|
Batting: LHB Culley Vaughan
|
0-0: Ball 1-0: Foul Ball, location: 2F 1-1: Called Strike 1-2: Foul Ball, location: 2F 1-2: Ball 2-2: Ball 3-2: Ground out 6-3 (Groundball, 56)
|
Batting: RHB Phil Jacobs
|
0-0: Ball 1-0: Called Strike 1-1: Ball 2-1: Ball 3-1: Fly out, F9 (Flyball, 9)
|
Batting: RHB Boyd Pittman
|
0-0: Ball 1-0: Ball 2-0: Ball 3-0: Base on Balls
|
Batting: RHB José Colón
|
0-0: Called Strike 0-1: Ball 1-1: Foul Ball, location: 2F 1-2: Ball 2-2: Foul Ball, location: 2F 2-2: Fly out, F5 (Line Drive, 56)
|
Bottom of the 3rd over - 0 run(s), 0 hit(s), 0 error(s), 1 left on base; Texarkana 3 - District 9 0 |
TOP OF THE 4TH |
Texarkana Bears batting - Pitching for District 9 Prawns : RHP Ignacio Morales
|
Batting: RHB Taki Chikafuji
|
0-0: Foul Ball, location: 2F 0-1: Ground out 5-3 (Groundball, 5S)
|
Batting: LHB Mark Thomas
|
0-0: Ball 1-0: Called Strike 1-1: Ball 2-1: Ball 3-1: Called Strike 3-2: Foul Ball, location: 2F 3-2: Strikes out swinging
|
Batting: RHB Juan Rico
|
0-0: Called Strike 0-1: Ball 1-1: Ball 2-1: Ball 3-1: Base on Balls
|
Batting: RHB Arturo Rodríguez
|
0-0: Ball 1-0: Foul Ball, location: 2F 1-1: Ball 2-1: Called Strike 2-2: Ball 3-2: Hit by Pitch Juan Rico to second
|
Batting: RHB Steve Garneys
|
0-0: Fielders Choice at 2nd, 5-4 (Groundball, 5L)
|
Top of the 4th over - 0 run(s), 0 hit(s), 0 error(s), 1 left on base; Texarkana 3 - District 9 0 |
BOTTOM OF THE 4TH |
District 9 Prawns batting - Pitching for Texarkana Bears : RHP Álex Rodríguez
|
Batting: LHB Terry Simpson
|
0-0: Called Strike 0-1: Swinging Strike 0-2: Ball 1-2: Strikes out swinging
|
Batting: RHB Reynold Akker
|
0-0: Fly out, F7 (Flyball, 7LD)
|
Batting: RHB Felipe Jareño
|
0-0: Ball 1-0: SINGLE (Groundball, 56D)
|
Batting: LHB Miguel Barrón
|
0-0: Ball 1-0: Ball 2-0: Ball 3-0: Base on Balls Felipe Jareño to second
|
Batting: RHB Carlos Flores
|
0-0: Foul Ball, location: 2F 0-1: Ball 1-1: Ball 2-1: Foul Ball, location: 2F 2-2: Ball 3-2: Foul Ball, location: 2F 3-2: Foul Ball, location: 2F 3-2: Ground out 5-3 (Groundball, 56S)
|
Bottom of the 4th over - 0 run(s), 1 hit(s), 0 error(s), 2 left on base; Texarkana 3 - District 9 0 |
TOP OF THE 5TH |
Texarkana Bears batting - Pitching for District 9 Prawns : RHP Ignacio Morales
|
Batting: RHB Tony Reyes
|
0-0: Ball 1-0: SINGLE (Flyball, 7LS)
|
Batting: LHB Sam Barnes
|
0-0: Ball 1-0: Ball 2-0: Grounds out, U3 (Groundball, 3L)
|
Batting: RHB Billy Campbell
|
0-0: Called Strike 0-1: Foul Ball, location: 2F 0-2: Strikes out looking
|
Batting: LHB Tom Mullins
|
0-0: Ball 1-0: Ball 2-0: Swinging Strike 2-1: Foul Ball, location: 2F 2-2: Ground out U3 (Groundball, 34)
|
Top of the 5th over - 0 run(s), 1 hit(s), 0 error(s), 1 left on base; Texarkana 3 - District 9 0 |
BOTTOM OF THE 5TH |
District 9 Prawns batting - Pitching for Texarkana Bears : RHP Álex Rodríguez
|
Batting: LHB Culley Vaughan
|
0-0: Ball 1-0: Swinging Strike 1-1: Swinging Strike 1-2: Foul Ball, location: 2F 1-2: Ball 2-2: Ball 3-2: Foul Ball, location: 2F 3-2: Foul Ball, location: 2F 3-2: Base on Balls
|
Batting: RHB Phil Jacobs
|
0-0: Ball 1-0: Swinging Strike 1-1: Ball 2-1: Foul Ball, location: 2F 2-2: Strikes out swinging
|
Batting: RHB Boyd Pittman
|
0-0: Called Strike 0-1: Foul Ball, location: 2F 0-2: Strikes out swinging
|
Batting: RHB José Colón
|
0-0: Ball 1-0: Ball 2-0: Ground out 5-3 (Groundball, 56S)
|
Bottom of the 5th over - 0 run(s), 0 hit(s), 0 error(s), 1 left on base; Texarkana 3 - District 9 0 |
TOP OF THE 6TH |
Texarkana Bears batting - Pitching for District 9 Prawns : RHP Ignacio Morales
|
Pitching: LHP Ben Johnson
|
|
Batting: RHB Taki Chikafuji
|
0-0: Called Strike 0-1: Ball 1-1: Ball 2-1: Foul Ball, location: 2F 2-2: Strikes out swinging
|
Batting: LHB Mark Thomas
|
0-0: Foul Ball, location: 2F 0-1: Swinging Strike 0-2: Foul Ball, location: 2F 0-2: Ground out 3-1 (Groundball, 34S)
|
Batting: RHB Juan Rico
|
0-0: SOLO HOME RUN (Flyball, 8LXD), Distance : 435 ft
|
Batting: RHB Arturo Rodríguez
|
0-0: Called Strike 0-1: Foul Ball, location: 2F 0-2: Foul Ball, location: 2F 0-2: Foul Ball, location: 2F 0-2: Ball 1-2: Hit by Pitch, AND HE CHARGES THE MOUND! The benches clear!
|
Pitching: RHP Juan Gutiérrez
|
|
Pinch Runner at 1st Kun Liu:
|
|
Batting: RHB Steve Garneys
|
0-0: DOUBLE (Line Drive, 8LM) Kun Liu to third
|
Batting: RHB Tony Reyes
|
0-0: Called Strike 0-1: 3-RUN HOME RUN (Flyball, 7D), Distance : 391 ft
|
Batting: LHB Sam Barnes
|
0-0: Called Strike 0-1: Ball 1-1: Ball 2-1: Foul Ball, location: 2F 2-2: Strikes out swinging
|
Top of the 6th over - 4 run(s), 3 hit(s), 0 error(s), 0 left on base; Texarkana 7 - District 9 0 |
BOTTOM OF THE 6TH |
District 9 Prawns batting - Pitching for Texarkana Bears : RHP Álex Rodríguez
|
Now at 3B: Kun Liu
|
|
Batting: LHB Terry Simpson
|
0-0: Called Strike 0-1: Fly out, F9 (Flyball, 9LS)
|
Batting: RHB Reynold Akker
|
0-0: Ball 1-0: Swinging Strike 1-1: Swinging Strike 1-2: Ball 2-2: Strikes out swinging
|
Batting: RHB Felipe Jareño
|
0-0: Ball 1-0: Called Strike 1-1: Fly out, F7 (Flyball, 78M)
|
Bottom of the 6th over - 0 run(s), 0 hit(s), 0 error(s), 0 left on base; Texarkana 7 - District 9 0 |
TOP OF THE 7TH |
Texarkana Bears batting - Pitching for District 9 Prawns : RHP Juan Gutiérrez
|
Pitching: RHP Marcos Miranda
|
|
Batting: RHB Billy Campbell
|
0-0: Ball 1-0: Swinging Strike 1-1: Called Strike 1-2: Ball 2-2: Ball 3-2: Strikes out swinging
|
Batting: LHB Tom Mullins
|
0-0: Ball 1-0: Ball 2-0: Ball 3-0: Called Strike 3-1: Swinging Strike 3-2: Strikes out swinging
|
Batting: RHB Taki Chikafuji
|
0-0: Ball 1-0: Called Strike 1-1: Foul Ball, location: 2F 1-2: Foul Ball, location: 2F 1-2: Foul Ball, location: 2F 1-2: SINGLE (Line Drive, 4M)
|
Batting: LHB Mark Thomas
|
0-0: Ground out U3 (Groundball, 3)
|
Top of the 7th over - 0 run(s), 1 hit(s), 0 error(s), 1 left on base; Texarkana 7 - District 9 0 |
BOTTOM OF THE 7TH |
District 9 Prawns batting - Pitching for Texarkana Bears : RHP Álex Rodríguez
|
Batting: LHB Miguel Barrón
|
0-0: Swinging Strike 0-1: Ball 1-1: Ground out 6-3 (Groundball, 6)
|
Batting: RHB Carlos Flores
|
0-0: Ball 1-0: Called Strike 1-1: Ball 2-1: Foul Ball, location: 2F 2-2: Strikes out swinging
|
Batting: LHB Culley Vaughan
|
0-0: Ball 1-0: Ball 2-0: Ground out 4-3 (Groundball, 4)
|
Bottom of the 7th over - 0 run(s), 0 hit(s), 0 error(s), 0 left on base; Texarkana 7 - District 9 0 |
TOP OF THE 8TH |
Texarkana Bears batting - Pitching for District 9 Prawns : RHP Marcos Miranda
|
Batting: RHB Juan Rico
|
0-0: DOUBLE (Line Drive, 89XD)
|
Batting: RHB Kun Liu
|
0-0: Ball 1-0: Ball 2-0: Foul Ball, location: 2F 2-1: Ball 3-1: Base on Balls
|
Batting: RHB Steve Garneys
|
0-0: Swinging Strike 0-1: Ball 1-1: Called Strike 1-2: Foul Ball, location: 2F 1-2: Ball 2-2: 3-RUN HOME RUN (Flyball, 78XD), Distance : 405 ft
|
Pitching: RHP José Huerta
|
|
Batting: RHB Tony Reyes
|
0-0: Called Strike 0-1: Ground out 6-3 (Groundball, 6)
|
Batting: LHB Sam Barnes
|
0-0: Ball 1-0: Foul Ball, location: 2F 1-1: SINGLE (Popup, 4D)
|
Batting: RHB Billy Campbell
|
0-0: Ball 1-0: Called Strike 1-1: Foul Ball, location: 2F 1-2: Foul Ball, location: 2F 1-2: Strikes out swinging
|
Batting: LHB Tom Mullins
|
0-0: Ball 1-0: 2-RUN HOME RUN (Flyball, 9LD), Distance : 357 ft
|
Batting: RHB Taki Chikafuji
|
0-0: Ground out 5-3 (Groundball, 5S)
|
Top of the 8th over - 5 run(s), 4 hit(s), 0 error(s), 0 left on base; Texarkana 12 - District 9 0 |
BOTTOM OF THE 8TH |
District 9 Prawns batting - Pitching for Texarkana Bears : RHP Álex Rodríguez
|
Pitching: RHP Vaughan Gillespie
|
|
Batting: RHB Phil Jacobs
|
0-0: Ball 1-0: Swinging Strike 1-1: Foul Ball, location: 2F 1-2: Ball 2-2: Strikes out swinging
|
Batting: RHB Boyd Pittman
|
0-0: Ball 1-0: Called Strike 1-1: Ball 2-1: Called Strike 2-2: Ball 3-2: Ground out 4-3 (Groundball, 4)
|
Batting: RHB José Colón
|
0-0: Ball 1-0: Foul Ball, location: 2F 1-1: Ball 2-1: Fly out, F8 (Flyball, 8LD)
|
Bottom of the 8th over - 0 run(s), 0 hit(s), 0 error(s), 0 left on base; Texarkana 12 - District 9 0 |
TOP OF THE 9TH |
Texarkana Bears batting - Pitching for District 9 Prawns : RHP José Huerta
|
Batting: LHB Mark Thomas
|
0-0: Ball 1-0: Called Strike 1-1: Swinging Strike 1-2: Fly out, F4 (Popup, 34)
|
Batting: RHB Juan Rico
|
0-0: Ground out 4-3 (Groundball, 4)
|
Batting: RHB Kun Liu
|
0-0: Fly out, F7 (Flyball, 7S)
|
Top of the 9th over - 0 run(s), 0 hit(s), 0 error(s), 0 left on base; Texarkana 12 - District 9 0 |
BOTTOM OF THE 9TH |
District 9 Prawns batting - Pitching for Texarkana Bears : RHP Vaughan Gillespie
|
Batting: LHB Terry Simpson
|
0-0: Foul Ball, location: 2F 0-1: Swinging Strike 0-2: Ball 1-2: Ball 2-2: Ball 3-2: Foul Ball, location: 2F 3-2: Foul Ball, location: 2F 3-2: Base on Balls
|
Batting: RHB Reynold Akker
|
0-0: Ball 1-0: Ball 2-0: Foul Ball, location: 2F 2-1: Grounds into double play, 6-4-3 (Groundball, 6)
|
Batting: RHB Felipe Jareño
|
0-0: Ball 1-0: Ball 2-0: Foul Ball, location: 2F 2-1: Ground out 5-3 (Groundball, 5L)
|
Bottom of the 9th over - 0 run(s), 0 hit(s), 0 error(s), 0 left on base; Texarkana 12 - District 9 0 |
|